[Event "Bergamo Open 2017"]
[Site "Bergamo"]
[Date "2017.07.14"]
[Round "6"]
[White "Videnova, Iva"]
[Black "Giretti Kanev, Jasen"]
[Result "1-0"]
[ECO "B16"]
[WhiteElo "2370"]
[BlackElo "2147"]
[Annotator "NA"]
[PlyCount "78"]
[EventDate "2017.??.??"]
[EventCountry "ITA"]
[SourceTitle "playchess.com"]
[Source "ChessBase"]
[SourceQuality "1"]
[TimeControl "6000+30"]

1. e4 c6 2. d4 d5 3. Nc3 dxe4 4. Nxe4 Nf6 5. Nxf6+ gxf6 6. Nf3 Bg4 7. Be2 e6 8. O-O Qc7 9. c4 Nd7 10. Nh4 Bxe2 11. Qxe2 {LiveBook: 15 Games} O-O-O 12. c5 {B16: Caro-Kann: Bronstein-Larsen Variation} (12. Rd1 c5 13. d5 Ne5 14. Bf4 Bd6 15. dxe6 fxe6 16. Bxe5 fxe5 17. g3 Qf7 18. Rd2 Rhf8 19. Kg2 Rd7 {1-0 (49) Christiansen,L (2579)-Norowitz,Y (2451) Saint Louis 2013}) 12... e5 13. Qg4 h5 14. Qf5 exd4 15. b4 $1 Qe5 $1 16. Bf4 $146 ({Predecessor:} 16. Bb2 $11 Rg8 17. f4 Qxf5 18. Nxf5 b6 19. Nxd4 Kb7 20. cxb6 Nxb6 {½-½ (49) Krzesinski,P (2046)-Schmitzer,K (2268) Bad Homburg 2016}) 16... Qxf5 17. Nxf5 Ne5 18. Rad1 $15 Rg8 19. Kh1 d3 20. Rfe1 Rd5 21. h3 b6 22. cxb6 axb6 23. Re4 Ng6 24. Ne3 Rd8 25. Bh2 b5 26. Nf5 Rd5 27. g4 hxg4 28. hxg4 Ne5 29. Bxe5 fxe5 30. f3 c5 31. Ne3 f5 32. Nxd5 fxe4 33. bxc5 exf3 34. Rxd3 e4 35. Rc3 Rxg4 36. c6 Bg7 37. Nb6+ Kc7 38. Nd5+ Kd6 39. c7 Bxc3 1-0

[Event "Bergamo Open 2017"]
[Site "Bergamo"]
[Date "2017.07.14"]
[Round "6"]
[White "Brunello, Marina"]
[Black "Haimovich, Tal"]
[Result "1/2-1/2"]
[ECO "C55"]
[WhiteElo "2367"]
[BlackElo "2380"]
[Annotator "NA"]
[PlyCount "115"]
[EventDate "2017.??.??"]
[EventCountry "ITA"]
[SourceTitle "playchess.com"]
[Source "ChessBase"]
[SourceQuality "1"]
[TimeControl "6000+30"]

1. e4 e5 2. Nf3 Nc6 3. Bc4 Nf6 4. d3 Be7 5. c3 O-O 6. Nbd2 d6 {C55: Two Knights: 4 d3, 4 d4 exd4 5 e5 and Max Lange Attack} 7. h3 Na5 8. Bb5 a6 9. Ba4 b5 10. Bc2 c5 11. Nf1 {LiveBook: 5 Games} Nc6 12. d4 $146 ({Predecessor:} 12. Ng3 d5 13. exd5 Nxd5 14. O-O Re8 {0-1 (51) Glek,I (2543)-Nikolic,P (2657) Kemer 2007}) 12... cxd4 13. cxd4 exd4 14. Nxd4 Bb7 15. Nxc6 Bxc6 16. Ng3 d5 17. e5 Ne4 18. O-O Nxg3 19. fxg3 Qb6+ $11 20. Kh2 Bb7 21. Qd3 Qg6 22. Qe2 Qe6 23. Bf5 Qb6 24. Qd3 g6 25. Bg4 Bc8 26. Bxc8 Raxc8 27. Qxd5 Qe6 28. Qxe6 fxe6 29. Be3 Rc2 30. Rxf8+ Kxf8 31. Bd4 Ke8 32. a3 a5 33. Rd1 a4 34. Rd3 Bc5 35. Bc3 Re2 36. h4 Re3 37. Rxe3 Bxe3 38. g4 Bf2 39. g3 Kd7 40. Kg2 Be3 41. Kf3 Bc1 42. Ke4 Kc6 43. Bd4 Bd2 44. h5 b4 45. Be3 bxa3 46. bxa3 Bc3 47. Bc1 Kc5 48. hxg6 hxg6 49. Kf4 Kd5 50. Kg5 Bxe5 51. Kxg6 Bxg3 52. g5 e5 53. Kf5 e4 54. Bb2 Bd6 55. g6 Bf8 56. g7 Bxg7 57. Bxg7 e3 58. Bc3 1/2-1/2

[Event "Bergamo Open 2017"]
[Site "Bergamo"]
[Date "2017.07.14"]
[Round "6"]
[White "Vezzosi, Paolo"]
[Black "Lumachi, Gabriele"]
[Result "1-0"]
[ECO "A96"]
[WhiteElo "2332"]
[BlackElo "1942"]
[Annotator "NA"]
[PlyCount "67"]
[EventDate "2017.??.??"]
[EventCountry "ITA"]
[SourceTitle "playchess.com"]
[Source "ChessBase"]
[SourceQuality "1"]
[TimeControl "6000+30"]

1. d4 e6 2. Nf3 f5 3. g3 Nf6 4. Bg2 Be7 5. c4 O-O 6. Nc3 d6 7. O-O Ne4 8. Nxe4 {A96: Classical Dutch: Fluid Systems: Early deviations} fxe4 9. Ne1 (9. Nd2 d5 10. f3 Nc6 11. fxe4 Rxf1+ 12. Kxf1 dxc4 13. Nf3 Bf6 14. Be3 Bd7 15. b3 cxb3 16. Qxb3 {1-0 (40) Tomashevsky,E (2758)-Rahman,Z (2500) Baku 2015}) 9... d5 10. f3 exf3 11. Nxf3 {LiveBook: 10 Games} c6 12. Qc2 Nd7 $146 ({Predecessor:} 12... Na6 13. Bf4 Bd7 14. e4 Be8 15. Bh3 Bd7 {1-0 (33) Ermeni,A (2246)-Eggenberger,U (2062) Bern 2000}) 13. e4 dxe4 14. Qxe4 Nf6 15. Qe2 Ne8 16. Bf4 Bf6 17. Rad1 Nd6 18. g4 Nf7 19. Bg3 Re8 20. Rf2 (20. Ne5 $18 Rf8 21. Be4) 20... Qa5 $2 (20... e5 $16) 21. a3 (21. g5 $18 Nxg5 22. Ne5) 21... h6 22. Rdf1 Qd8 23. Qe3 $2 (23. Ne5 $18 Re7 24. Qe4 Bxe5 25. dxe5) 23... a5 $2 (23... e5 $16 {was worth a try.}) 24. Ne5 $18 Nxe5 25. Bxe5 Bxe5 26. dxe5 Qe7 27. Be4 Bd7 28. Bc2 Rf8 29. Qe4 g5 30. Rf6 Rxf6 31. Rxf6 Rf8 32. Rg6+ Kf7 33. Rg7+ Kxg7 34. Qh7# 1-0

[Event "Bergamo Open 2017"]
[Site "Bergamo"]
[Date "2017.07.14"]
[Round "6"]
[White "Guanciale, Orazio"]
[Black "Damia, Angelo"]
[Result "1/2-1/2"]
[ECO "B03"]
[WhiteElo "2163"]
[BlackElo "2378"]
[Annotator "NA"]
[PlyCount "102"]
[EventDate "2017.??.??"]
[EventCountry "ITA"]
[SourceTitle "playchess.com"]
[Source "ChessBase"]
[SourceQuality "1"]
[TimeControl "6000+30"]

1. e4 Nf6 2. e5 Nd5 3. d4 d6 4. c4 Nb6 5. exd6 cxd6 6. Nc3 g6 7. Be3 Bg7 8. Rc1 O-O 9. b3 Nc6 10. d5 Ne5 11. Be2 h5 12. h3 {B03: Alekhine's Defence: Four Pawns Attack} e6 $1 13. dxe6 Bxe6 14. Nf3 {LiveBook: 3 Games} d5 15. Nd4 $146 ({Predecessor:} 15. Bxb6 Qxb6 16. cxd5 Rfd8 17. O-O Qa5 18. Ng5 Rac8 19. Nxe6 fxe6 {1-0 (42) Priyadharshan,K (2475)-Shabalov,A (2519) Blue Ash 2015}) 15... dxc4 16. O-O Nd3 17. Nxe6 (17. Bxd3 $5 Bxd4 {[#]} 18. Bxg6 $1 Bxc3 19. Bh7+ $1 Kxh7 20. Qxh5+ Kg8 21. Rxc3 $16) 17... fxe6 18. Rc2 Nb4 19. Rd2 Qe8 (19... Qh4 $5 20. Bd4 Bxd4 21. Rxd4 Qf6 22. bxc4 Nc6 $11) 20. Bd4 Bxd4 21. Rxd4 $14 Nc6 22. Rd6 cxb3 23. Qxb3 Qf7 24. Ne4 Kh8 25. Ng5 Qe7 26. Qg3 Rf5 27. Nf3 Rg8 28. Re1 Nd5 29. Bd3 Nf4 30. Bxf5 Qxd6 31. Bxe6 Re8 32. Re4 Rxe6 33. Rxe6 Qxe6 34. Qxf4 Kg7 35. Nd4 Qe1+ 36. Kh2 Qe5 37. Qxe5+ Nxe5 38. Kg3 Kf6 39. Kf4 Nd3+ 40. Ke3 Ne1 41. g3 Ke5 42. f4+ Kd5 43. f5 gxf5 44. Nxf5 b5 45. g4 hxg4 46. hxg4 a5 47. g5 Ke5 48. g6 Kf6 49. g7 Kf7 50. Nd6+ Kxg7 51. Nxb5 Kf6 1/2-1/2